 Dungeon Crawl Stone Soup version 0.28.0-53-g5a82cb258f (webtiles) character file.

Game seed: 9425553034226074251

41 gobodom the Grasshopper (level 3, -1/27 HPs)
             Began as a Demonspawn Warper on June 21, 2022.
             Slain by Terence
             ... wielding a +0 trident
              (2 damage)
             ... on level 2 of the Dungeon.
             The game lasted 00:08:34 (2138 turns).

gobodom the Grasshopper (Demonspawn Warper)         Turns: 2138, Time: 00:08:36

Health: -1/27      AC:  4    Str: 13    XL:     3   Next: 32%
Magic:  6/6        EV: 11    Int: 14    God:
Gold:   45         SH:  0    Dex: 12    Spells: 6/6 levels left

rFire   . . .      SeeInvis .   k - +4 whip
rCold   . . .      Faith    .   (no shield)
rNeg    . . .      Spirit   .   b - +0 leather armour
rPois   .          Reflect  .   e - +0 helmet
rElec   .          Harm     .   (no cloak)
rCorr   .          Rampage  .   (no gloves)
Will    .....                   (no boots)
Stlth   +.........              (no amulet)
HPRegen 0.09/turn               (no ring)
MPRegen 0.10/turn               (no ring)

@: no status effects
A: demonic touch 2
a: no special abilities


You were on level 2 of the Dungeon.
You visited 1 branch of the dungeon, and saw 3 of its levels.

You collected 45 gold pieces.

Inventory:

Hand Weapons
 h - a +1 dagger of speed
 k - a +4 whip (weapon)
Missiles
 g - 2 javelins (quivered)
Armour
 b - a +0 leather armour (worn)
 d - a scarf of harm
 e - a +0 helmet (worn)
Scrolls
 c - a scroll of blinking
 j - 2 scrolls of identify
Potions
 l - a potion of heal wounds


   Skills:
 + Level 2.1 Fighting
 + Level 0.2 Short Blades
 + Level 2.2 Axes
 + Level 1.2 Throwing
 + Level 1.6 Armour
 + Level 2.0 Dodging
 + Level 2.0 Spellcasting
 + Level 2.9 Translocations


You had 6 spell levels left.
You didn't know any spells.
Your spell library contained the following spells:

 Spells                   Type           Power      Damage    Failure   Level
 Blink                    Tloc           18%        N/A       14%         2
 Gell's Gravitas          Tloc           9%         N/A       26%         3
 Lesser Beckoning         Tloc           9%         N/A       26%         3
 Teleport Other           Tloc           9%         N/A       26%         3
 Magic Dart               Conj           4%         1d3       30%         1
 Searing Ray              Conj           2%         2d4       41%         2
 Ignite Poison            Fire/Tmut/Pois 1%         N/A       65%         3
 Mephitic Cloud           Conj/Pois/Air  1%         N/A       65%         3
 Manifold Assault         Tloc           9%         N/A       94%         5
 Fulminant Prism          Conj/Hex       0%         3d6       96%         4
 Freezing Cloud           Conj/Ice/Air   0%         6-21      100%        5


Dungeon Overview and Level Annotations

Branches:
Dungeon (3/15)

Altars:

Annotations:
D:2 Terence


Innate Abilities, Weirdness & Mutations

Your touch may inflict irresistible damage on your foes.


Message History

HP restored.
As you read the scroll labelled ZOUCAE IZUNT, it crumbles to dust.
It is a scroll of enchant weapon.
Your +3 whip glows red for a moment.
As you read the scroll labelled VOITEIQUHI, it crumbles to dust.
It is a scroll of identify.
l - a potion of heal wounds Adjust to which letter? (? for menu, Esc to quit)
Okay, then.
You drop 24 bolts.
You drop a +0 hand axe.
Done exploring.
Things that are here:
a +0 hand axe; 24 bolts
There is a stone staircase leading down here.
You climb downwards.
Level annotation: Terence Terence hits you from afar with a +0 trident.
There is a stone staircase leading up here.
Terence closely misses you.
You hit Terence but do no damage. Terence hits you with a +0 trident.
You hit Terence but do no damage. Terence closely misses you.
You hit Terence but do no damage. Terence hits you but does no damage.
You hit Terence.
Terence is lightly wounded.
Terence hits you with a +0 trident. Terence hits you with a +0 trident!
Keep equipping yourself?
Uppercase [Y]es or [N]o only, please.
Keep equipping yourself?
You start putting on your armour.
You continue putting on your scarf of harm.
Terence hits you with a +0 trident!
* * * LOW HITPOINT WARNING * * *
You continue putting on your scarf of harm.
Terence hits you with a +0 trident.
* * * LOW HITPOINT WARNING * * *
You continue putting on your scarf of harm.
Terence hits you with a +0 trident.
You die...

##....>..##
#.........#
#.........#
#.......))#
#........>#
#.........#
######....[(.##
##........@....#
#..##......@...#
#^...<....<..#
#.##.........#
...##.....?...#
#..#####..?....##
#..# ##.....##
...# ####### .##


You could see Terence.

Vanquished Creatures
  3 dart slugs
  6 endoplasms
  4 goblins
  2 hobgoblins (D:1)
  4 kobolds
  2 quokkas
  3 ball pythons
  2 bats
  3 frilled lizards (D:1)
  A rat (D:1)
30 creatures vanquished.

Notes
Turn   | Place    | Note
-------+----------+-------------------------------------------
     0 | D:1      | gobodom the Demonspawn Warper began the quest for the Orb.
     0 | D:1      | Reached XP level 1. HP: 16/16 MP: 3/3
   607 | D:1      | Reached skill level 1 in Armour
   634 | D:1      | Found a faded altar of an unknown god.
   641 | D:1      | Gained mutation: Your touch may inflict minor irresistible
                  | damage on your foes. [demonic ancestry]
   641 | D:1      | Reached XP level 2. HP: 22/22 MP: 5/5
   661 | D:1      | Reached skill level 1 in Throwing
  1503 | D:2      | Noticed Terence
  1515 | D:2      | Gained mutation: Your touch may inflict irresistible damage
                  | on your foes. [demonic ancestry]
  1515 | D:2      | Reached XP level 3. HP: 27/27 MP: 6/6
  2137 | D:2      | HP: 1/27 [Terence/+0 trident (5)]
  2138 | D:2      | Slain by Terence

Illustrated notes

Levels and vault maps discovered:
D:1:      heliophobic_arrival_battle_scene, layout_loops_ring,
          hellmonk_ecumenical_altar_zigzags
D:2:      layout_rooms, uniq_jessica, uniq_terence, uniq_robin, uniq_sigmund
D:3:      layout_loops_ring

Skill      XL: |  1  2  3 |
---------------+----------+-----
Axes           | 2 |  2.2
Armour         | 1 |  1.6
Throwing       | 1 |  1.2
Dodging        | 2 |  2.0
Fighting       | |  2.1
Short Blades   | |  0.2
Spellcasting   | |  2.0
Translocations | |  2.9

Action                   || total
-------------------------++-------
Melee: Hand axe          ||    36
       Dagger            ||    29
       Touch             ||     7
       Punch             ||     2
       Whip              ||    13
Throw: Javelin           ||    37
       Boomerang         ||     5
  Use: Scroll            ||     3
Armor: Leather armour    ||    22
Dodge: Dodged            ||    45
